 Dungeon Crawl Stone Soup version 0.25-a0-435-g4b9beb1024 (webtiles) character file.

Game seed: 2202293886522149754, levelgen mode: deterministic

4486 Eurus the Thaumaturge (level 10, -4/76 HPs)
             Began as a Mummy Conjurer on Jan 27, 2020.
             Was a Follower of Ashenzari.
             Slain by a four-headed hydra (11 damage)
             ... on level 9 of the Dungeon.
             The game lasted 00:31:22 (12191 turns).

Eurus the Thaumaturge (Mummy Conjurer)             Turns: 12191, Time: 00:31:23

Health: -4/76      AC:  4    Str: 12    XL:     10   Next: 16%
Magic:  19/24      EV: 15    Int: 17    God:    Ashenzari [*.....]
Gold:   691        SH:  4    Dex: 16    Spells: 22/29 levels left

rFire    . . .     SeeInvis .   p - staff of wizardry (curse)
rCold    + + .     Gourm    .   (no shield)
rNeg     + + +     Faith    .   a - +0 robe
rPois    ∞         Spirit   .   l - +0 helmet
rElec    .         Reflect  +   (no cloak)
rCorr    .         Harm     .   d - +0 pair of gloves
MR       +....                  (no boots)
Stlth    ++........             b - +4 amulet of reflection (curse)
HPRegen  0.22/turn              q - ring "Lomubek" {rF+ rC+ rN++ Dex+3 Slay-6} (curse)
MPRegen  0.19/turn              (no ring)

@: no status effects
A: no food or potions, fire vulnerability, cold resistance 1, negative energy
resistance 3, torment resistance, unbreathing
a: Curse Item, Scrying, Renounce Religion


You were on level 9 of the Dungeon.
You worshipped Ashenzari.
Ashenzari was aware of your devotion.
You were not hungry.

You visited 2 branches of the dungeon, and saw 10 of its levels.

You collected 691 gold pieces.

Inventory:

Hand Weapons
 o - a +3 short sword
Armour
 a - a +0 robe (worn)
 d - a +0 pair of gloves (worn)
 l - a +0 helmet (worn)
Magical Staves
 p - a cursed staff of wizardry (weapon)
Jewellery
 b - a cursed +4 amulet of reflection (around neck)
 q - the cursed ring "Lomubek" (left hand) {rF+ rC+ rN++ Dex+3 Slay-6}
   (You took it off a tengu conjurer on level 9 of the Dungeon)

   [ring of protection from fire]

   It affects your dexterity (+3).
   It affects your accuracy and damage with ranged weapons and melee attacks
   (-6).
   It protects you from fire.
   It protects you from cold.
   It greatly protects you from negative energy.
   It has a curse placed upon it.
Wands
 k - a wand of random effects (33)
Scrolls
 c - a scroll of enchant armour {unknown}
 e - 3 scrolls of teleportation {unknown}
 f - 2 scrolls of amnesia
 g - 3 scrolls of identify {unknown}
 h - 4 scrolls of fear {unknown}
 i - 3 scrolls of remove curse
 j - 3 scrolls of magic mapping {unknown}
 m - 2 scrolls of random uselessness {unknown}
 n - 2 scrolls of fog {unknown}


   Skills:
 - Level 5.6 Fighting
 * Level 2.1 Staves
 - Level 5.0 Dodging
 - Level 1.5 Stealth
 + Level 10.3 Spellcasting
 + Level 7.9 Conjurations
 + Level 0.9 Translocations


You had 22 spell levels left.
You knew the following spells:

 Your Spells              Type           Power        Failure   Level  Hunger
a - Magic Dart            Conj           ####         1%          1    N/A
b - Searing Ray           Conj           #####.       1%          2    N/A
c - Iskenderun's Mystic   Conj/Tloc      ###.....     5%          4    N/A

Your spell library contained the following spells:

 Spells                   Type           Power        Failure   Level  Hunger
 Dazzling Flash           Conj/Hex       ###...       1%          3    N/A
 Stone Arrow              Conj/Erth      ###...       1%          3    N/A
 Sandblast                Erth           #.....       3%          1    N/A
 Passwall                 Tmut/Erth      #.......     4%          2    N/A
 Fulminant Prism          Conj/Hex       ###.......   6%          4    N/A
 Petrify                  Tmut/Erth      #.......     32%         4    N/A
 Lee's Rapid Deconstruct  Erth           #.........   63%         5    N/A

Dungeon Overview and Level Annotations

Branches:
Dungeon (9/15)             Temple (1/1) D:4
   Lair: D:8-11         Orc: D:9-12

Altars:
Ashenzari
Cheibriados
Dithmenos
Elyvilon
Fedhas
Gozag
Hepliaklqana
Kikubaaqudgha
Makhleb
Nemelex Xobeh
Okawaru
Qazlal
Ru
Sif Muna
Trog
Uskayaw
Vehumet
Wu Jian
Xom
Yredelemnul
Zin
The Shining One

Shops:
D:5 ?   D:6 :

Annotations:
D:5 exclusion: water moccasin, Sigmund
D:6 2 transporters, astraldaughter's ghost, novice VSSu


Innate Abilities, Weirdness & Mutations

You do not eat or drink.
Your flesh is vulnerable to fire.
You are immune to poison.
Your flesh is cold resistant. (rC+)
You are immune to negative energy. (rN+++)
You are immune to unholy pain and torment.
You can survive without breathing.


Message History

The four-headed hydra bites you.
The four-headed hydra bites you but does no damage.
You block the four-headed hydra's attack.
The four-headed hydra bites you!
Unknown command.
The searing ray hits the four-headed hydra!
The four-headed hydra is moderately wounded.
You finish channeling your searing ray.
You block the four-headed hydra's attack.
The four-headed hydra bites you.
The four-headed hydra closely misses you.
The four-headed hydra bites you!
As you read the scroll labeled SITOEB AQU, it crumbles to dust.
It is a scroll of amnesia.
Really abort (and waste the scroll)?
Okay, then.
The four-headed hydra bites you!
* * * LOW HITPOINT WARNING * * *
The four-headed hydra bites you!
You die...

## ###.## #....# #### #....# ###
##..####...# ##.#######
#....##....#
##...#....###.....#...######
##.........D@......[........#
#..........###.......###^....
##.......)...#.........#......
###.........#..#$.#...#..#..#...
##.....#.....#######.††#######...
#......#.....#..#..#...#..# #...
#...........[)..#.........# .....
##.............###.......###.....
#..........###......###......###.


You could see a four-headed hydra.

Vanquished Creatures
  A tengu conjurer (D:9)
  A queen bee (D:8)
  A troll (D:9)
  A hippogriff (D:8)
  A wyvern (D:8)
  A vampire (D:9)
  A yak (D:8)
  A hungry ghost (D:7)
  An orc warrior (D:7)
  4 ice beasts
  A phantom (D:3)
  A sky beast (D:6)
  4 ogres
  Blork the orc (D:4)
  3 bullfrogs
  2 scorpions
  A wyvern skeleton (D:9)
  19 killer bees
  A wight (D:9)
  A crimson imp (D:6)
  A quasit (D:9)
  4 orc priests
  A bullfrog zombie (D:7)
  A jelly (D:5)
  4 orc wizards
  A centaur skeleton (D:4)
  Ijyb (D:4)
  5 worker ants
  A hound skeleton (D:7)
  A howler monkey zombie (D:5)
  Robin (D:4)
  6 gnolls
  2 howler monkey skeletons (D:4)
  7 adders
  A shadow imp (D:9)
  3 oozes
  An adder zombie (D:5)
  3 worms
  A dart slug (D:4)
  2 leopard geckos
  22 orcs
  7 bats
  5 giant cockroaches
  18 goblins
  6 hobgoblins
  8 jackals
  5 quokkas
  4 ball pythons
  A ball python skeleton (D:4)
  9 frilled lizards
  3 kobolds (D:1)
  A quokka zombie (D:9)
  10 rats
193 creatures vanquished.

Vanquished Creatures (others)
  5 toadstools (D:1)
5 creatures vanquished.

Grand Total: 198 creatures vanquished

Notes
Turn   | Place    | Note
-------+----------+-------------------------------------------
     0 | D:1      | Eurus the Mummy Conjurer began the quest for the Orb.
     0 | D:1      | Reached XP level 1. HP: 13/13 MP: 4/4
   268 | D:1      | Reached skill level 3 in Spellcasting
   297 | D:1      | Reached XP level 2. HP: 20/20 MP: 4/6
   301 | D:1      | Learned a level 2 spell: Searing Ray
   381 | D:1      | Reached skill level 1 in Fighting
   948 | D:1      | Reached XP level 3. HP: 26/26 MP: 1/7
  1337 | D:2      | Found a sparkling altar of Nemelex Xobeh.
  2278 | D:3      | Reached XP level 4. HP: 33/33 MP: 5/9
  2547 | D:3      | Reached skill level 4 in Spellcasting
  2661 | D:3      | You fall into a shaft and drop 3 floors!
  2670 | D:5      | Entered Level 5 of the Dungeon
  2754 | D:5      | Reached XP level 5. HP: 39/39 MP: 6/11
  2890 | D:5      | Found Uliukk's Magic Scroll Emporium.
  2989 | D:5      | Noticed an ogre
  3024 | D:5      | Noticed a water moccasin
  3410 | D:3      | Found a stormy altar of Qazlal.
  3566 | D:4      | Noticed an ogre
  4006 | D:4      | Noticed Ijyb
  4007 | D:4      | Noticed Robin
  4164 | D:4      | Killed Robin
  4295 | D:4      | Reached XP level 6. HP: 43/47 MP: 9/13
  4300 | D:4      | Reached skill level 5 in Spellcasting
  4621 | D:4      | Found a staircase to the Ecumenical Temple.
  4621 | D:4      | Noticed Blork the orc
  4894 | D:4      | Killed Ijyb
  5053 | D:4      | Killed Blork the orc
  5053 | D:4      | Reached XP level 7. HP: 50/54 MP: 7/15
  5069 | Temple   | Entered the Ecumenical Temple
  5463 | D:5      | Noticed Sigmund
  5473 | D:4      | Reached skill level 6 in Spellcasting
  5473 | D:4      | Reached skill level 5 in Conjurations
  6362 | D:5      | Reached skill level 5 in Fighting
  6732 | D:6      | Reached XP level 8. HP: 62/62 MP: 11/18
  6862 | D:6      | Reached skill level 7 in Spellcasting
  7018 | D:6      | Found Ysyalocwo's Book Boutique.
  7146 | D:6      | Found a transporter.
  7213 | D:6      | Found a shattered altar of Ashenzari.
  7216 | D:6      | Became a worshipper of Ashenzari the Shackled
  7509 | D:6      | Found a transporter.
  7566 | D:6      | Noticed astraldaughter's ghost (novice VSSu)
  7687 | D:7      | Found a shadowy altar of Dithmenos.
  7937 | D:7      | Found an ancient bone altar of Kikubaaqudgha.
  7937 | D:7      | Found a blossoming altar of Fedhas.
  7938 | D:7      | Found a sacrificial altar of Ru.
  8023 | D:7      | Found a bloodstained altar of Trog.
  8101 | D:7      | Found a basalt altar of Yredelemnul.
  8193 | D:7      | Found a white marble altar of Elyvilon.
  8236 | D:7      | Reached skill level 8 in Spellcasting
  8845 | D:7      | Reached XP level 9. HP: 66/69 MP: 12/21
  9369 | D:8      | Reached * piety under Ashenzari
  9602 | D:8      | Reached skill level 9 in Spellcasting
  9925 | D:8      | Found a burning altar of Makhleb.
 10452 | D:8      | Noticed a queen bee
 10461 | D:8      | Killed a queen bee
 11141 | D:9      | Noticed a tengu conjurer
 11346 | D:9      | Reached skill level 10 in Spellcasting
 11574 | D:8      | Reached skill level 5 in Dodging
 11636 | D:9      | Noticed a troll
 11645 | D:9      | Killed a troll
 11722 | D:9      | Reached skill level 1 in Staves
 11759 | D:9      | Reached XP level 10. HP: 67/76 MP: 20/24
 11817 | D:9      | Noticed a gargoyle
 11905 | D:8      | Learned a level 4 spell: Iskenderun's Mystic Blast
 11983 | D:9      | Identified the ring "Lomubek" {rF+ rC+ rN++ Dex+3 Slay-6}
 12173 | D:9      | Noticed a four-headed hydra
 12191 | D:9      | Slain by a four-headed hydra

Levels and vault maps discovered:
D:1:      roderic_octagonal_star, layout_basic, minmay_gold_behind_fungi,
          kennysheep_minor_cross
D:2:      layout_loops_ring, nemelex_xobeh_ov_fountains_minmay
D:3:      layout_rooms, lemuel_crystal_altar
D:4:      layout_basic, minmay_temple_entry_grid, serial_rivers,
          chequers_serial_rivers_room_b, chequers_serial_rivers_room_b,
          chequers_serial_rivers_small_a, chequers_serial_rivers_marsh,
          chequers_serial_rivers_micro_e, hangedman_decor_clover_reticule,
          uniq_robin, uniq_blork_the_orc, uniq_ijyb
D:5:      layout_layer_cave, first_ration, serial_shops,
          nicolae_shop_waterfront, uniq_sigmund
D:6:      layout_loops_ring, kennysheep_mini, serial_shops,
          kennysheep_little_box, gammafunk_ghost_stat_death
D:7:      layout_basic, kennysheep_ying_yang, nicolae_overflow_hidden_temple,
          gammafunk_temple_overflow_forgotten,
          nicolae_dithmenos_through_a_glass_darkly
D:8:      layout_gridville, lemuel_doored_altar, serial_co_window_serial,
          co_window_paths_a, co_window_paths_a, co_window_corner_a,
          co_window_corner_a, co_window_corner_a, co_window_2corner,
          co_window_broadway_a, co_window_of_opportunity_b, david_nohive_1
D:9:      hangedman_cross_cluster, layout_cave_pools
Temple:   minmay_temple_curvy_loop

Skill      XL: |  1  2  3  4  5  6  7  8  9 10 |
---------------+-------------------------------+-----
Spellcasting   | 3 4 5 6 8 10 | 10.3
Fighting       | 1 2 3 4 5 |  5.6
Conjurations   | 4 5 6 7 |  7.9
Dodging        | 3 5 |  5.0
Staves         | 1 2 |  2.1
Stealth        | |  1.5
Translocations | |  0.9

Action                   |  1- 3 |  4- 6 |  7- 9 | 10-12 || total
-------------------------+-------+-------+-------+-------++-------
Melee: Unarmed           |     2 |       |       |       ||     2
       Short sword       |    18 |    47 |    40 |     1 ||   106
       Staff             |       |       |       |     2 ||     2
 Cast: Magic Dart        |    75 |    85 |   104 |     8 ||   272
       Searing Ray       |     4 |    18 |    65 |    11 ||    98
Invok: Curse Item        |       |       |     2 |     1 ||     3
  Use: Scroll            |       |       |       |     1 ||     1
 Stab: Sleeping          |     2 |     2 |     1 |       ||     5
       Distracted        |       |     1 |       |       ||     1
Armor: Robe              |     6 |    13 |    26 |     6 ||    51
Dodge: Dodged            |    23 |    50 |   105 |    23 ||   201
Block: Other             |       |       |    16 |     9 ||    25

Table legend:
 A = Non-vault XP
 B = Vault XP
 C = Vault XP percentage of total XP
 D = Non-vault monster count
 E = Vault monster count
 F = Vault count percentage of total count
                 A         B        C        D         E       F
            +---------+---------+-------+---------+---------+-------
      Total |    3981 |    2428 |  37.9 |     150 |      43 |  22.3
            +---------+---------+-------+---------+---------+-------
        D:1 |      49 |       0 |   0.0 |      28 |       0 |   0.0
        D:2 |      44 |       0 |   0.0 |      18 |       0 |   0.0
        D:3 |     218 |       0 |   0.0 |      17 |       0 |   0.0
        D:4 |     433 |     165 |  27.6 |      21 |      13 |  38.2
        D:5 |     394 |       0 |   0.0 |      25 |       0 |   0.0
        D:6 |     537 |       0 |   0.0 |      12 |       0 |   0.0
        D:7 |     964 |       0 |   0.0 |      19 |       0 |   0.0
        D:8 |     721 |    1423 |  66.4 |       7 |      17 |  70.8
        D:9 |     621 |     840 |  57.5 |       3 |      13 |  81.2
            +---------+---------+-------+---------+---------+-------
